 Dungeon Crawl Stone Soup version 0.27-a0-808-g60bc5d92e6 (webtiles) character file.

Game seed: 6803692684808309580

1059 rageheart7 the Fighter (level 8, -2/138 HPs)
             Began as an Ogre Berserker on Mar 28, 2021.
             Was a Priest of Trog.
             Slain by Harold
             ... wielding a +0 battleaxe
              (20 damage)
             ... on level 7 of the Dungeon.
             The game lasted 00:05:50 (7392 turns).

rageheart7 the Fighter (Ogre Berserker)             Turns: 7392, Time: 00:05:50

Health: -2/138     AC:  0    Str: 31    XL:     8   Next: 27%
Magic:  8/8        EV: 10    Int: 12    God:    Trog [***...]
Gold:   282        SH:  0    Dex:  8    Spells: 7/7 levels left

rFire    . . .     SeeInvis .   q - +7 falchion of Jimiefus {vamp, *Corrode Str+7 Int+4}
rCold    + . .     Faith    .   (no shield)
rNeg     . . .     Spirit   .   b - +1 animal skin
rPois    .         Reflect  .   (helmet restricted)
rElec    .         Harm     .   (no cloak)
rCorr    .         Rampage  .   (gloves unavailable)
Will     .....                  (boots unavailable)
Stlth    ..........             (no amulet)
HPRegen  0.33/turn              e - ring of protection from cold
MPRegen  0.11/turn              (no ring)

@: mighty, berserking (expiring), marked, corroded, very quick
A: large, unfitting armour, tough skin 1
a: Renounce Religion, Berserk, Trog's Hand


You were on level 7 of the Dungeon.
You worshipped Trog.
Trog was most pleased with you.
You visited 1 branch of the dungeon, and saw 7 of its levels.

You collected 282 gold pieces.

Inventory:

Hand Weapons
 a - a +0 mace
 n - a +4 hand axe
 q - the +7 falchion of Jimiefus (weapon) {vamp, *Corrode Str+7 Int+4}
   (You found it on level 4 of the Dungeon)

   It inflicts no extra harm, but heals its wielder when it wounds a living foe.
   It affects your strength (+7).
   It affects your intelligence (+4).
   It may corrode you when you take damage.
Missiles
 c - 4 large rocks (quivered)
 g - 8 javelins
Armour
 b - a +1 animal skin (worn)
Jewellery
 e - a ring of protection from cold (left hand)
 p - a ring of poison resistance
 w - an amulet of the acrobat
Wands
 r - a wand of iceblast (12)
 u - a wand of acid (12)
Scrolls
 d - a scroll of torment
 i - a scroll of enchant weapon
 m - 2 scrolls of identify
Potions
 j - a potion of attraction
 o - 3 potions of curing


   Skills:
 * Level 9.6 Fighting
 * Level 6.6 Maces & Flails
 - Level 2.6 Dodging


You had 7 spell levels left.
You didn't know any spells.
Your spell library was empty.

Dungeon Overview and Level Annotations

Branches:
Dungeon (7/15)             Temple (0/1) D:5

Altars:
Elyvilon
Gozag
Hepliaklqana
Vehumet
Wu Jian
The Shining One

Shops:
D:4 ?

Annotations:
D:7 Harold


Innate Abilities, Weirdness & Mutations

You are too large for most types of armour.
You have tough skin. (AC +1)


Message History

Harold points at you and mumbles some strange words.
A sentinel's mark forms upon you.
You barely miss Harold. Harold closely misses you.
A hound comes into view.
You slash Harold!
You feel better.
Harold is lightly wounded.
Harold hits you with a +0 battleaxe!!
You hit Harold.
You feel better.
Harold is moderately wounded.
Harold hits you with a +0 battleaxe!!
You slice Harold!!
You feel better.
Harold is heavily wounded.
The hound bites you. x2; Harold misses you.
You barely miss Harold.
Harold is heavily wounded.
The hound misses you.
You riposte.
You closely miss the hound. You slash Harold!
Harold is severely wounded.
Harold hits you with a +0 battleaxe!
* * * LOW HITPOINT WARNING * * *
The hound barely misses you.
You closely miss Harold.
Harold is severely wounded.
The hound bites you.
* * * LOW HITPOINT WARNING * * *
Harold hits you with a +0 battleaxe!
* * * LOW HITPOINT WARNING * * *
Your corrosive artefact corrodes you!
You slash Harold!
You feel better.
Harold is almost dead.
The hound bites you.
* * * LOW HITPOINT WARNING * * *
Harold barely misses you.
You riposte.
You barely miss Harold.
Harold is almost dead.
You slash Harold!
Harold is almost dead.
The hound closely misses you. The hound bites you.
* * * LOW HITPOINT WARNING * * *
Harold hits you with a +0 battleaxe!!
You die...

... #.......#
...##.......#
...#....../#
#...##.##.#
#.........#
#.........#
#.#.#..##.#
.. #.h@## ...
#.@## ####..
#(.####.. ..
#....##.# #
#....##.#
#....##.###.#
##...#......#
#...#..#####
#..........#
#..)##.###.#


You could see Harold and a hound.

Vanquished Creatures
  A black bear (D:6)
  2 centaurs
  2 scorpions (D:3)
  3 water moccasin skeletons (D:5)
  2 howler monkeys (D:6)
  A hound (D:5)
  A centaur zombie (D:5)
  A bullfrog zombie (D:6)
  4 iguanas
  4 orc wizards
  A hound skeleton (D:4)
  7 adders
  A white imp (D:5)
  An ufetubus (D:6)
  2 worms (D:3)
  2 dart slugs
  15 orcs
  13 endoplasms
  3 giant cockroaches
  5 goblins
  7 hobgoblins
  15 jackals
  A quokka (D:1)
  8 ball pythons
  3 bats (D:1)
  2 frilled lizards
  9 kobolds
  4 rats
120 creatures vanquished.

Notes
Turn   | Place    | Note
-------+----------+-------------------------------------------
     0 | D:1      | rageheart7 the Ogre Berserker began the quest for the Orb.
     0 | D:1      | Reached XP level 1. HP: 24/24 MP: 1/1
    85 | D:1      | Reached XP level 2. HP: 31/33 MP: 2/2
   428 | D:1      | Reached XP level 3. HP: 40/40 MP: 3/3
   462 | D:1      | Reached ** piety under Trog
  1073 | D:2      | Reached skill level 5 in Fighting
  1614 | D:2      | Reached XP level 4. HP: 50/50 MP: 4/4
  1631 | D:2      | Found a glowing golden altar of the Shining One.
  3093 | D:3      | Reached *** piety under Trog
  3094 | D:3      | Reached skill level 6 in Fighting
  3094 | D:3      | Reached XP level 5. HP: 43/59 MP: 5/5
  3638 | D:4      | Found Ewkevote's Magic Scroll Shoppe.
  3775 | D:4      | Reached XP level 6. HP: 68/68 MP: 6/6
  3974 | D:4      | Found an ornate altar of the Wu Jian Council.
  4239 | D:4      | Identified the +7 falchion of Jimiefus {vamp, *Corrode
                  | Str+7 Int+4}
  4261 | D:5      | Entered Level 5 of the Dungeon
  4270 | D:5      | Reached skill level 7 in Fighting
  4331 | D:5      | Found a staircase to the Ecumenical Temple.
  4396 | D:5      | Found a hazy altar of Hepliaklqana.
  4488 | D:5      | Reached skill level 5 in Maces & Flails
  4677 | D:5      | Reached XP level 7. HP: 15/79 MP: 7/7
  5162 | D:5      | Reached skill level 8 in Fighting
  6301 | D:6      | Reached skill level 9 in Fighting
  6301 | D:6      | Reached XP level 8. HP: 92/92 MP: 8/8
  6434 | D:6      | Found an opulent altar of Gozag.
  6438 | D:6      | Found a radiant altar of Vehumet.
  6442 | D:6      | Found a white marble altar of Elyvilon.
  7325 | D:7      | Noticed Harold
  7392 | D:7      | Slain by Harold

Illustrated notes

Levels and vault maps discovered:
D:1:      eino_arrival_water_cross, layout_basic, st_stairs_10,
          serial_park_tiny_2, amcnicky_mini_corridor_feature, glass_columns_b
D:2:      layout_loops_ring, lemuel_round_altar, due_unseen_surprise
D:3:      layout_loops_corners
D:4:      layout_rooms, nicolae_wu_jian_wuxing_cycle, serial_shops, shop,
          corner_web_ring
D:5:      layout_basic, nicolae_hepliaklqana_hazy_memory,
          minmay_temple_entry_wispy
D:6:      layout_basic, grunt_temple_overflow_diamond
D:7:      old_forge, layout_rooms, lemuel_zombie_altar_kikubaaqudgha,
          serial_shops, nicolae_shop_waterfront, minmay_misc_feat_cross,
          nicolae_tso_besieged_by_evil, uniq_harold

Skill      XL: |  1  2  3  4  5  6  7 |
---------------+----------------------+-----
Maces & Flails | 3 4 5 6 |  6.6
Fighting       | 5 6 7 9 |  9.6
Dodging        | |  2.6

Action                   |  1- 3 |  4- 6 |  7- 9 || total
-------------------------+-------+-------+-------++-------
Melee: Mace              |   105 |   140 |       ||   245
       Falchion          |       |    27 |   106 ||   133
       Hand axe          |       |    15 |       ||    15
Invok: Berserk           |       |     3 |     1 ||     4
       Trog's Hand       |       |     1 |       ||     1
  Use: Potion            |       |       |     4 ||     4
       Scroll            |       |       |    11 ||    11
 Stab: Sleeping          |     2 |       |       ||     2
Armor: Animal skin       |    39 |    54 |    23 ||   116
       Skin              |       |       |    26 ||    26
Dodge: Dodged            |    83 |    84 |    62 ||   229
       Rpst.: Falchion   |       |     4 |    11 ||    15

Table legend: (Time is in decaauts)
 A = Elapsed time spent in this place.
 B = Non-inter-level travel time spent in this place.
 C = Inter-level travel time spent in this place.
 D = Time resting spent in this place.
 E = Time spent auto-exploring this place.
 F = Levels seen in this place.
 G = Mean time per level.
                   A        B        C        D        E       F      G
               +--------+--------+--------+--------+--------+-----+--------+
         Total |   7511 |   7319 |    192 |      0 |   6437 |   7 | 1073.0 |
       Dungeon |   7511 |   7319 |    192 |      0 |   6437 |   7 | 1073.0 |
               +--------+--------+--------+--------+--------+-----+--------+

Top non-repeatable levels by time:
     D:3: 1561 daAuts
     D:6: 1342 daAuts
     D:5: 1319 daAuts
     D:2: 1075 daAuts
     D:1: 1046 daAuts
     D:4: 660 daAuts
     D:7: 506 daAuts
